 Dungeon Crawl Stone Soup version 0.21-a0-434-g806c6c2 (webtiles) character file.

71 KristoblXynda the Slasher (level 4, -1/38 HPs)
             Began as a Draconian Fighter on Nov 8, 2017.
             Slain by mhoghedin's ghost (8 damage)
             ... while paralysed by mhoghedin's ghost
             ... on level 3 of the Dungeon.
             The game lasted 00:02:32 (1591 turns).

KristoblXynda the Slasher (Draconian Fighter)       Turns: 1591, Time: 00:02:33

Health: -1/38      AC:  5    Str: 24    XL:     4   Next: 5%
Magic:  4/4        EV:  2    Int:  9    God:
Gold:   126        SH:  0    Dex: 10    Spells: 3/3 levels left

rFire    . . .     SeeInvis .   a - +0 long sword
rCold    . . .     Gourm    .   b - +0 shield
rNeg     . . .     Faith    .   (armour unavailable)
rPois    .         Spirit   .   (helmet restricted)
rElec    .         Reflect  .   (no cloak)
rCorr    .         Harm     .   (no gloves)
MR       .....                  (no boots)
Stlth    +.........             (no amulet)
HPRegen  0.12/turn              (no ring)
MPRegen  0.09/turn              (no ring)

@: paralysed, mighty
A: unfitting armour, cold-blooded, AC +5
a: no special abilities


You were on level 3 of the Dungeon.
You were not hungry.

You visited 1 branch of the dungeon, and saw 3 of its levels.

You collected 126 gold pieces.

Inventory:

Hand Weapons
 a - a +0 long sword (weapon)
Armour
 b - a +0 shield (worn)
Scrolls
 g - a scroll of recharging {unknown}
 i - a scroll of enchant armour {unknown}
 m - 4 scrolls of identify {unknown}
 o - a scroll of teleportation {unknown}
 p - 2 scrolls of enchant weapon {unknown}
Potions
 e - a potion of heal wounds {unknown}
 h - a potion of flight {unknown}
 j - 2 potions of curing {unknown}
 k - 3 potions of brilliance {unknown}
 l - 2 potions of haste {unknown}
Comestibles
 d - a bread ration
 f - 2 royal jellies
 n - 4 fruits


   Skills:
 - Level 3.2 Fighting
 * Level 3.8 Long Blades
 - Level 2.6 Dodging
 + Level 3.7 Shields


You had 3 spell levels left.
You didn't know any spells.

Dungeon Overview and Level Annotations

Branches:
Dungeon (3/15)

Altars:
Qazlal

Annotations:
D:3 mhoghedin's ghost, amateur HaHu


Innate Abilities, Weirdness & Mutations

Your plain brown scales are hard. (AC +5)
You cannot fit into any form of body armour.
You are cold-blooded and may be slowed by cold attacks.


Message History

Mhoghedin's ghost moves out of view.
You see here 7 javelins.
You feel very mighty all of a sudden.
Mhoghedin's ghost hits you but does no damage.
A jackal comes into view.
You closely miss mhoghedin's ghost.
The jackal barks!
You tail-slap mhoghedin's ghost, but do no damage.
You hear a bark!
You block mhoghedin's ghost's attack.
Your shield prevents you from hitting mhoghedin's ghost.
You tail-slap mhoghedin's ghost.
Mhoghedin's ghost is lightly damaged.
Mhoghedin's ghost hits you!
* * * LOW HITPOINT WARNING * * *
You suddenly lose the ability to move!
Mhoghedin's ghost completely misses you.
The jackal bites you but does no damage.
Mhoghedin's ghost hits you!
You die...

... ....+ ...
#.......##
.....#..#.<#..
..... ....>.. ...:.
#.#..# #
......##....#.# #
.........(#.#.#...
....##$.>.W......#
#.....[...@h#.#.##
............#.#
..........#.#.#####
...................
#............#####
#.............#
###+##......#.##
.....(..#..#
.........##.#


You could see mhoghedin's ghost and a jackal.

Vanquished Creatures
  2 adders
  An ooze (D:3)
  3 worms
  A leopard gecko (D:3)
  A ball python (D:2)
  3 bats (D:2)
  A giant cockroach (D:3)
  3 goblins
  3 hobgoblins
  4 jackals (D:2)
  7 kobolds
  A quokka (D:3)
  3 frilled lizards
  6 rats
39 creatures vanquished.

Notes
Turn   | Place    | Note
-------+----------+-------------------------------------------
     0 | D:1      | KristoblXynda the Draconian Fighter began the quest for the Orb.
     0 | D:1      | Reached XP level 1. HP: 19/19 MP: 1/1
   369 | D:1      | Reached XP level 2. HP: 13/26 MP: 2/2
   527 | D:1      | You fall through a shaft!
   772 | D:2      | Reached XP level 3. HP: 30/31 MP: 3/3
  1080 | D:2      | Found a stormy altar of Qazlal.
  1549 | D:3      | Reached XP level 4. HP: 24/38 MP: 4/4
  1582 | D:3      | Noticed mhoghedin's ghost (amateur HaHu)
  1590 | D:3      | Paralysed by mhoghedin's ghost for 3 turns
  1591 | D:3      | Slain by mhoghedin's ghost

Vault maps used:
D:1:      dpeg_arrival_rhombus
D:2:      nicolae_qazlal_eye_of_the_storm
D:3:      wad_crossroads

Skill      XL: |  1  2 |
---------------+-------+-----
Long Blades    | 3 |  3.8
Fighting       | |  3.2
Dodging        | |  2.6
Shields        | |  3.7

Action                   |  1- 3 |  4- 6 || total
-------------------------+-------+-------++-------
Melee: Long sword        |   132 |     2 ||   134
       Tailslap          |    15 |     2 ||    17
  Use: Potion            |       |     1 ||     1
  Eat: Chunk             |     2 |       ||     2
Armor: Skin              |    30 |     2 ||    32
Dodge: Dodged            |    63 |     1 ||    64
Block: Shield            |    53 |     1 ||    54
       Rpst.: Long sword |    22 |       ||    22

Table legend:
 A = Spawn XP
 B = Non-spawn XP
 C = Spawn XP percentage of total XP
 D = Spawn monster count
 E = Non-spawn monster count
 F = Spawn count percentage of total count
 G = Total turns spent on level
                    A         B        C        D         E        F      G
               +---------+---------+-------+---------+---------+-------+---------
         Total |       0 |     102 |   0.0 |       0 |      39 |   0.0 |  1591
               +---------+---------+-------+---------+---------+-------+---------
           D:1 |       0 |      16 |   0.0 |       0 |      12 |   0.0 |   527
           D:2 |       0 |      53 |   0.0 |       0 |      21 |   0.0 |   768
           D:3 |       0 |      33 |   0.0 |       0 |       6 |   0.0 |   296
               +---------+---------+-------+---------+---------+-------+---------
